 Dungeon Crawl Stone Soup version 0.11.0-22-g462bbaf (console) character file.

25870 imantor the Impaler (level 12, 0/105 HPs)
             Began as a Minotaur Berserker on Oct 24, 2012.
             Was the Champion of Trog.
             Slain by a soldier ant (10 damage)
             ... on Level 4 of the Lair of Beasts.
             The game lasted 01:25:15 (14411 turns).

imantor the Impaler (Minotaur Berserker)           Turns: 14411, Time: 01:25:15

HP   0/105       AC 11     Str 27      XL: 12   Next: 92%
MP   5/5         EV 16     Int  5      God: Trog [******]
Gold 393         SH  0     Dex 10      Spells:  0 memorised, 11 levels left

Res.Fire  : + + .   See Invis. : .   J - +2,+3 spear (venom)
Res.Cold  : . . .   Warding    : .   L - +3 leather armour {rF+}
Life Prot.: . . .   Conserve   : .   (no shield)
Res.Poison: .       Res.Corr.  : .   h - +0 cap
Res.Elec. : .       Clarity    : .   E - +0 cloak
Sust.Abil.: . .     Spirit.Shd : .   g - +0 pair of orc gloves {rF+}
Res.Mut.  : .       Stasis     : .   r - +0 pair of orc boots
Res.Rott. : .       Ctrl.Telep.: .   (no amulet)
Saprovore : . . .   Levitation : .   S - ring of protection from magic Ctrl.Flight: .
                                     K - ring of sustenance

@: exhausted, extremely poisoned, slowed, very slow, quite resistant to hostile
enchantments, unstealthy
A: retaliatory headbutt, horns 2, Int +1
a: Burn Spellbooks, Berserk, Trog's Hand, Brothers in Arms, Renounce Religion


You were on level 4 of the Lair of Beasts.
You worshipped Trog.
Trog was exalted by your worship.
You were very hungry.

You visited 2 branches of the dungeon, and saw 17 of its levels.
You also visited: Sewer and Volcano.

You collected 792 gold pieces.
You spent 419 gold pieces at shops.

Inventory:

Hand weapons
 b - a +5,+4 halberd of protection {god gift}
 d - a +4,+3 halberd of chopping {god gift}
 k - a +1,+4 spear of flaming
 l - a cursed +3,+3 orcish spear (quivered)
 I - the +0,+4 bardiche of Exquisite Torment {god gift, chop, rElec}
   (Trog gifted it to you on level 12 of the Dungeon)

   It inflicts extra damage upon your enemies.
   It insulates you from electricity.
 J - a +2,+3 spear of venom (weapon)
Armour
 e - a +1 ring mail of fire resistance
 g - a +0 pair of orcish gloves of fire resistance (worn)
 h - a +0 cap (worn)
 r - a +0 pair of orcish boots (worn)
 s - a +2 orcish scale mail
 E - a +0 cloak (worn)
 L - a +3 leather armour of fire resistance (worn)
 M - a +1 pair of gauntlets
Magical devices
 v - a wand of slowing (14)
 N - a wand of polymorph other (15)
 Q - a wand of enslavement (15) {unknown}
 T - a wand of paralysis (11) {unknown}
Comestibles
 c - 7 bread rations
 n - 3 meat rations
 R - 3 rotting chunks of yak flesh
 U - an apple
 V - 2 pears
Scrolls
 a - 2 scrolls of amnesia {unknown}
 i - 3 scrolls of recharging {unknown}
 m - 2 scrolls of blinking
 o - 2 scrolls of fear
 p - 15 scrolls of identify
 q - 5 scrolls of remove curse
 u - a scroll of magic mapping
 w - 3 scrolls of fog
 y - a scroll of enchant armour
 B - 3 scrolls of teleportation
 G - 3 scrolls of enchant weapon I
 H - a scroll of vulnerability {unknown}
 O - a scroll of enchant weapon II
 P - 2 scrolls of curse jewellery {unknown}
Jewellery
 A - an uncursed ring of levitation
 K - a ring of sustenance (left hand)
 S - a ring of protection from magic (right hand)
 X - an uncursed amulet of rage {unknown}
Potions
 f - 7 potions of heal wounds
 j - a potion of resistance
 t - 7 potions of curing
 x - 3 potions of brilliance
 z - 5 potions of speed
 D - 2 potions of might
 F - a potion of restore abilities
 W - a potion of cure mutation


   Skills:
 * Level 11.9 Fighting
   Level 3.6 Axes
 * Level 15.1 Polearms
 * Level 10.2 Armour
 * Level 12.3 Dodging
 + Level 2.0 Stealth
 + Level 2.9 Stabbing
 * Level 7.4 Traps & Doors
 + Level 0.6 Evocations


You had 11 spell levels left.
You didn't know any spells.

Dungeon Overview and Level Annotations

Branches:
Dungeon (13/27)            Temple (0/1) D:4             Orc (0/4) D:7
   Lair (4/8) D:12
  Swamp: Lair:3-6    Shoals: Lair:3-6     Snake: Lair:3-6    Spider: Lair:3-6

Altars:
Ashenzari
Elyvilon
Fedhas
Okawaru
Zin

Shops:
D:4: ? D:9: ( D:10: (?[+% D:11: * D:12: +


Innate Abilities, Weirdness & Mutations

You reflexively headbutt those who attack you in melee.
You have a pair of horns on your head.
Your mind is acute (Int +1).


Message History

You headbutt the soldier ant, but do no damage.
The soldier ant is heavily wounded.
You feel sick. The soldier ant stings you!
* * * LOW HITPOINT WARNING * * *
You are more poisoned.
The soldier ant poisons you!
You are too injured to fight blindly!
* * * LOW HITPOINT WARNING * * *
You feel sick.
You feel a strong urge to attack something.
You are no longer berserk.
Trog's vigour flows through your veins.
You are exhausted.
You feel yourself slow down.
You are feeling very hungry.
* * * LOW HITPOINT WARNING * * *
You feel extremely sick.
* * * LOW HITPOINT WARNING * * *
You feel very sick. The soldier ant stings you!
You die...

#..... .# ......... ..
#......... a##........#
#.#.......#
#a#.......###### #
##.......P.##..##
.####.#......)....<...##
........%a.a@..........#
........%.a...........##
........P.....P.()....#
.....P≈≈≈.....##...####
....P≈≈≈.≈P........#
....≈PP≈≈♣..).....#
...≈≈≈≈≈≈P.....###
..≈≈≈≈≈♣.....f#
.≈.≈≈≈≈....###


You could see 2 soldier ants, a worker ant and an ant larva.

Vanquished Creatures
  Rupert (Lair:3)
  Fannar (D:12)
  Harold (Lair:3)
  A hydra (Lair:3)
  An unseen horror (D:13)
  3 hill giants
  2 cyclopes (D:11)
  Maurice (D:11)
  A spiny frog (Lair:2)
  An ice dragon skeleton (D:13)
  2 ugly things (D:13)
  Grinder (D:5)
  Prince Ribbit (D:4)
  8 blink frogs (Lair:2)
  A hydra simulacrum (D:13)
  A hungry ghost (D:11)
  A shark (Lair:2)
  Eustachio (D:4)
  13 yaks
  2 clay golems (Volcano)
  A fire drake (Lair:2)
  5 soldier ants
  3 hippogriffs
  A hell hound (Volcano)
  A cyclops zombie (D:13)
  A necrophage (D:6)
  Menkaure (D:4)
  3 war dogs (Lair:2)
  An ice beast (D:13)
  5 giant goldfish
  2 sky beasts (D:8)
  A yellow wasp (D:9)
  5 phantoms
  6 ogres
  8 orc warriors
  A hippogriff skeleton (D:13)
  4 centaurs
  Duvessa (D:5)
  2 water moccasins
  A giant slug (Lair:3)
  5 big kobolds
  2 crocodiles
  2 water moccasin zombies
  A gnoll sergeant (D:7)
  An agate snail (Lair:4)
  A giant frog skeleton (D:13)
  A soldier ant zombie (D:12)
  Blork the orc (D:5)
  4 giant frogs
  A warg (D:12)
  A basilisk skeleton (D:9)
  An eye of draining (D:12)
  A killer bee zombie (D:12)
  4 lava fish (Volcano)
  15 killer bees
  A big kobold zombie (D:10)
  4 big fish
  A lava snake (Volcano)
  7 crimson imps
  2 electric eels (Lair:1)
  3 orc priests
  Dowan (D:5)
  A big kobold skeleton (D:11)
  4 goliath beetles
  7 hounds
  Crazy Yiuf (D:5)
  2 iguanas
  7 orc wizards
  3 shadows
  A quasit (D:13)
  8 worker ants
  A hound skeleton (D:7)
  A worker ant zombie (D:5)
  5 scorpions
  3 porcupines (Lair:1)
  2 worm zombies
  3 mummies
  2 jellies
  8 gnolls
  9 adders
  A giant centipede zombie (D:13)
  4 humans
  A giant centipede (Lair:1)
  34 green rats
  7 worms
  5 giant mites (D:8)
  3 giant eyeballs
  4 grey rats (Sewer)
  5 giant geckos
  6 oozes
  62 orcs
  2 ball pythons (Sewer)
  18 bats
  12 giant cockroaches
  16 hobgoblins
  9 jackals
  30 kobolds
  9 quokkas
  4 giant newts
  6 goblins
  An orc skeleton (D:4)
  An orc zombie (D:7)
  19 rats
  A rat zombie (D:5)
  4 ballistomycetes (D:9)
  A butterfly (D:8)
  2 fungi
  2 toadstools
494 creatures vanquished.

Vanquished Creatures (collateral kills)
  A hell knight (Volcano)
  3 ugly things (D:13)
  2 toenail golems (Volcano)
  A fire elemental (Volcano)
  A hell hound (Volcano)
  An orc warrior (D:12)
  An agate snail (D:12)
  A lava fish (Volcano)
  2 orc priests (D:12)
  2 orc wizards (D:12)
  2 orcs (D:12)
17 creatures vanquished.

Vanquished Creatures (others)
  A two-headed ogre (D:13)
  A crocodile (Lair:3)
  A big kobold skeleton (D:11)
  A worker ant (D:11)
  A green rat (Lair:2)
  2 giant spores (D:9)
  2 rats
9 creatures vanquished.

Grand Total: 520 creatures vanquished

Notes
Turn   | Place    | Note
--------------------------------------------------------------
     0 | D:1      | imantor, the Minotaur Berserker, began the quest for the Orb.
     0 | D:1      | Reached XP level 1. HP: 19/19 MP: 0/0
   118 | D:1      | Reached skill level 4 in Fighting
   197 | D:1      | Reached XP level 2. HP: 25/27 MP: 0/0
   917 | D:2      | Found an iron altar of Okawaru.
   968 | D:2      | Reached XP level 3. HP: 29/33 MP: 1/1
  1006 | D:2      | Reached skill level 5 in Fighting
  1006 | D:2      | Reached skill level 1 in Polearms
  1036 | D:2      | Acquired Trog's second power
  1632 | D:3      | Reached XP level 4. HP: 27/40 MP: 1/1
  2073 | D:3      | Found a glowing silver altar of Zin.
  2073 | D:3      | Noticed a glowing angel
  2191 | D:4      | Noticed Prince Ribbit
  2191 | D:4      | Noticed an ogre
  2208 | D:4      | Reached XP level 5. HP: 47/47 MP: 1/1
  2210 | D:4      | Killed an ogre
  2210 | D:4      | Reached skill level 1 in Traps & Doors
  2243 | D:5      | Entered Level 5 of the Dungeon
  2280 | D:4      | Killed Prince Ribbit
  2280 | D:4      | Reached XP level 6. HP: 12/55 MP: 2/2
  2439 | D:4      | Found Pnal's Magic Scroll Shop.
  2444 | D:4      | Bought a scroll of enchant weapon I for 66 gold pieces
  2444 | D:4      | Bought a scroll of remove curse for 36 gold pieces
  2444 | D:4      | Bought a scroll of identify for 24 gold pieces
  2458 | D:4      | Noticed Menkaure
  2458 | D:4      | Noticed Eustachio
  2471 | D:4      | Killed Menkaure
  2471 | D:4      | Reached skill level 6 in Fighting
  2471 | D:4      | Reached XP level 7. HP: 22/61 MP: 2/2
  2478 | D:4      | Killed Eustachio
  2478 | D:4      | Reached skill level 5 in Polearms
  2643 | D:4      | Found a white marble altar of Elyvilon.
  2741 | D:4      | Found a glowing drain.
  2819 | Sewer    | Entered a sewer
  2899 | Sewer    | Reached skill level 5 in Armour
  3024 | Sewer    | Reached XP level 8. HP: 54/69 MP: 2/2
  3298 | D:4      | Found a staircase to the Ecumenical Temple.
  3534 | D:5      | Noticed Grinder
  3544 | D:5      | Killed Grinder
  3544 | D:5      | Acquired Trog's third power
  3544 | D:5      | Reached skill level 5 in Dodging
  3561 | D:5      | Noticed Duvessa
  3562 | D:5      | Noticed Dowan
  3593 | D:5      | Killed Dowan
  3593 | D:5      | Reached skill level 1 in Stealth
  3598 | D:5      | Killed Duvessa
  3696 | D:5      | Noticed Blork the orc
  3706 | D:5      | Killed Blork the orc
  3906 | D:5      | Found a shattered altar of Ashenzari.
  4141 | D:5      | Noticed Crazy Yiuf
  4152 | D:5      | Killed Crazy Yiuf
  4526 | D:6      | Reached XP level 9. HP: 63/75 MP: 3/3
  4896 | D:7      | Reached skill level 7 in Polearms
  5035 | D:7      | Found a staircase to the Orcish Mines.
  5409 | D:7      | Found a blossoming altar of Fedhas.
  5541 | D:7      | Reached skill level 8 in Polearms
  6007 | D:8      | Noticed a human
  6007 | D:8      | Noticed a human
  6032 | D:8      | Killed a human
  6032 | D:8      | Reached skill level 9 in Polearms
  6050 | D:8      | Killed a human
  6050 | D:8      | Reached XP level 10. HP: 40/84 MP: 3/3
  6497 | D:8      | Received a gift from Trog
  6874 | D:8      | Paralysed by a giant eyeball for 4 turns
  7160 | D:9      | Reached skill level 10 in Polearms
  7820 | D:9      | Found Weufaudu's Antique Weapon Shoppe.
  7861 | D:9      | Reached skill level 11 in Polearms
  7861 | D:9      | Reached skill level 5 in Traps & Doors
  8124 | D:10     | Entered Level 10 of the Dungeon
  8313 | D:10     | Received a gift from Trog
  8376 | D:10     | Found Fraj Uta's Book Shop.
  8406 | D:10     | Reached skill level 1 in Stabbing
  8520 | D:10     | Found Punliruh's Armour Shop.
  8520 | D:10     | Found Ylohar's Magic Scroll Shoppe.
  8532 | D:10     | Reached XP level 11. HP: 92/92 MP: 4/4
  8594 | D:10     | Bought a scroll of remove curse for 42 gold pieces
  8594 | D:10     | Bought a scroll of remove curse for 42 gold pieces
  8625 | D:10     | Found Upaet's Weapon Shop.
  8702 | D:10     | Found Yreoqus' Food Shop.
  8710 | D:10     | Bought an apple for 9 gold pieces
  8710 | D:10     | Bought an apple for 9 gold pieces
  8710 | D:10     | Bought a bread ration for 48 gold pieces
  8710 | D:10     | Bought a bread ration for 48 gold pieces
  8710 | D:10     | Bought a bread ration for 48 gold pieces
  8710 | D:10     | Bought a pear for 9 gold pieces
  8710 | D:10     | Bought an apple for 9 gold pieces
  8710 | D:10     | Bought a pear for 9 gold pieces
  8710 | D:10     | Bought 17 strawberries for 20 gold pieces
  8926 | D:11     | Found a labyrinth entrance.
  8957 | D:11     | Paralysed by a potion of paralysis for 5 turns
  8962 | D:11     | Gained mutation: Your mind is acute (Int +1). [potion of gain intelligence]
  9168 | D:11     | Noticed Maurice
  9175 | D:11     | Killed Maurice
  9203 | D:11     | Found Tadolius' Assorted Antiques.
  9259 | D:11     | Noticed a hill giant
  9260 | D:11     | Noticed a hill giant
  9265 | D:11     | Killed a hill giant
  9269 | D:11     | Killed a hill giant
  9269 | D:11     | Reached skill level 12 in Polearms
 10147 | D:12     | Found a staircase to the Lair.
 10154 | D:12     | Received a gift from Trog
 10168 | D:12     | Got an ichor-stained bardiche {god gift}
 10180 | D:12     | Identified the bardiche of Exquisite Torment {god gift, chop, rElec} (Trog gifted it to you on level 12 of the Dungeon)
 10408 | D:12     | Found Psialul's Book Emporium.
 10418 | D:12     | Noticed Fannar
 10550 | D:12     | Killed Fannar
 10550 | D:12     | Reached skill level 10 in Dodging
 10753 | D:12     | Reached skill level 13 in Polearms
 10888 | Lair:1   | Entered Level 1 of the Lair of Beasts
 10967 | D:13     | Noticed a hill giant
 10972 | D:13     | Killed a hill giant
 10972 | D:13     | Reached skill level 10 in Fighting
 11067 | D:13     | Killed an unseen horror
 11113 | D:13     | Reached XP level 12. HP: 39/103 MP: 5/5
 12366 | Lair:2   | Reached skill level 14 in Polearms
 12904 | Lair:2   | Found a dark tunnel.
 12957 | Volcano  | Entered a volcano
 13170 | Volcano  | Received a gift from Trog
 13173 | Volcano  | Got an iridescent bardiche {god gift}
 13174 | Volcano  | Identified the bardiche "Fran" {god gift, chop, +Rage} (Trog gifted it to you in a volcano)
 13213 | Volcano  | Found a radiant altar of Vehumet.
 13490 | Lair:3   | Noticed Harold
 13509 | Lair:3   | Killed Harold
 13567 | Lair:3   | Noticed a four-headed hydra
 13574 | Lair:3   | Killed a four-headed hydra
 13668 | Lair:3   | Noticed Rupert
 13685 | Lair:3   | Killed Rupert
 13685 | Lair:3   | Reached skill level 10 in Armour
 13942 | Lair:3   | Reached skill level 15 in Polearms
 14377 | Lair:4   | Received a gift from Trog
 14411 | Lair:4   | Slain by a soldier ant
